Map: Dreamcatcher LE

Players

demuLarva

  • Race: Terran Terran
  • League: Grandmaster
  • Spawn Location: 11:00

NERFTERRANXD - Winner!

  • Race: Terran Terran
  • League: Grandmaster
  • Spawn Location: 5:00

VOD

Have the link to the VOD?

Description

Time

  • Played on: Aug. 14, 2018, 6:53 a.m.
  • Length: 11:35
Show
View Real Time Build Order
Export as new Build Order

demuLarva Terran 

Build Orders: Cyclone Opening, MMM Bio 

Get SALT Encoding   

  12  0:01  SCV  
  13  0:13  SCV  
  14  0:17  Supply Depot  
  14  0:25  SCV  
  14  0:27  Refinery  
  15  0:39  SCV  
  16  0:45  Barracks  
  16  0:51  SCV  
  16  0:56  Refinery  
  17  1:03  SCV  
  18  1:15  SCV  
  19  1:31  Orbital Command  
  19  1:33  Factory  
  19  1:37  Reaper  
  20  1:45  Supply Depot  
  20  1:57  SCV  
  21  2:09  Barracks Reactor  
  21  2:10  SCV  
  22  2:16  Cyclone  
  22  2:22  SCV  
  26  2:24  Supply Depot  
  26  2:34  SCV  
  27  2:40  Command Center  
  27  2:46  SCV  
  28  2:54  Cyclone  
  31  2:59  Cyclone  
  31  3:00  SCV  
  35  3:11  Supply Depot  
  35  3:12  Barracks Tech Lab  
  35  3:13  SCV  
  36  3:25  SCV  
  37  3:37  SCV  
  37  3:39  Cyclone  
  41  3:41  Cyclone  
  43  3:49  SCV  
  43  3:52  Orbital Command  
  44  3:57  Barracks  
  44  4:01  SCV  
  44  4:02  Barracks  
  45  4:08  Stimpack  
  45  4:13  SCV  
  46  4:18  SCV  
  46  4:21  Factory Reactor  
  46  4:22  Engineering Bay  
  47  4:24  Marine  
  47  4:25  SCV  
  47  4:30  SCV  
  50  4:35  Refinery  
  50  4:37  SCV  
  51  4:42  Supply Depot, SCV  
  51  4:43  Marine  
  53  4:48  Terran Infantry Weapons Level 1  
  53  4:49  SCV  
  53  4:52  Marine x2  
  56  4:53  Starport  
  56  4:54  SCV  
  57  5:01  SCV  
  57  5:02  Marine x3  
  57  5:06  SCV  
  62  5:08  Factory Reactor  
  62  5:09  Marine  
  62  5:10  Marine  
  62  5:13  SCV  
  62  5:14  Supply Depot  
  65  5:19  SCV, Marine  
  65  5:20  Marine  
  68  5:22  Supply Depot, Marine  
  68  5:27  Marine  
  70  5:31  Supply Depot  
  70  5:32  Supply Depot  
  70  5:35  Marine  
  71  5:37  Marine x2  
  71  5:40  Marine  
  74  5:45  Marine  
  75  5:53  Marine  
  75  5:55  Marine x2  
  77  5:58  Marine  
  77  6:03  Marine  
  72  6:11  Marine  
  64  6:13  Combat Shield, Marine x2  
  64  6:16  Marine  
  67  6:21  Marine  
  67  6:28  Marine  
  67  6:31  Marine x2  
  67  6:32  Medivac x2  
  71  6:34  Marine  
  71  6:38  Marine  
  75  6:40  Factory Tech Lab  
  75  6:41  SCV  
  75  6:44  Refinery  
  75  6:46  Marine  
  77  6:47  Terran Infantry Armor Level 1, Barracks x2  
  77  6:49  Marine x2  
  77  6:51  Marine  
  80  6:56  SCV, Marine  
  82  7:02  Medivac x2  
  82  7:03  Siege Tank  
  82  7:04  Marine  
  82  7:06  Marine x2  
  92  7:09  Marine  
  92  7:11  Supply Depot  
  92  7:14  Marine  
  94  7:22  Marine  
  95  7:24  Marine  
  95  7:29  Marine x2  
  98  7:36  Barracks Tech Lab x2  
  98  7:37  Medivac x2  
  98  7:41  Siege Tank  
  105  7:47  Marine x2  
  105  7:48  Marauder, Marine  
  109  7:59  Marauder  
  109  8:03  Marauder, Marine  
  103  8:08  Marine  
  103  8:09  Marauder  
  83  8:15  Marine  
  83  8:16  Marine  
  72  8:20  Marauder, Marine  
  72  8:25  Marauder  
  72  8:26  Marine, Concussive Shells  
  78  8:30  Marauder  
  78  8:31  Medivac x2  
  78  8:33  Marine x2  
  86  8:42  Marauder  
  85  8:50  Marine  
  85  8:51  Marauder  
  87  8:58  Marauder, Marine x3  
  87  9:00  Siege Tank  
  95  9:03  Marauder  
  95  9:08  Marine  
  98  9:12  Marauder, Medivac x2  
  98  9:16  Marine x2  
  106  9:17  Supply Depot  
  106  9:18  Marine  
  106  9:20  Marauder  
  109  9:30  Marauder  
  107  9:33  Marauder  
  107  9:36  Marine  
  107  9:37  Marine  
  85  9:41  Marauder, Marine x2  
  85  9:44  Siege Tank  
  85  9:45  Viking x2  
  92  9:51  Marauder  
  89  9:55  Marauder  
  89  9:59  Marine x3  
  92  10:02  Marauder  
  95  10:08  Marine  
  95  10:12  Marauder  
  98  10:16  Viking x2  
  102  10:27  Marauder, Marine  
  105  10:33  Marine  
  105  10:34  Marauder  
  103  10:38  Marine  
  103  10:39  Marauder  
  101  10:46  Viking  
  101  10:49  Marine x2, Viking  
  107  10:51  Marauder  
  107  10:53  Marine  
  110  10:58  Marauder  
  112  11:04  Marauder, Marine  
  112  11:10  Marine  
  115  11:13  Marauder  
Show
View Real Time Build Order
Export as new Build Order

NERFTERRANXD Terran - Winner!

Build Orders: Reaper Expand, Mech 

Get SALT Encoding   

  12  0:02  SCV  
  13  0:14  SCV  
  13  0:17  Supply Depot  
  14  0:26  SCV  
  15  0:39  SCV  
  15  0:40  Barracks  
  16  0:44  Refinery  
  16  0:51  SCV  
  17  1:03  SCV  
  18  1:15  SCV  
  19  1:28  Orbital Command, Reaper  
  20  1:43  Command Center  
  20  1:52  Supply Depot  
  20  1:55  SCV  
  20  2:00  Reaper  
  22  2:04  Refinery  
  22  2:07  SCV  
  23  2:13  Bunker  
  23  2:19  SCV  
  24  2:25  Factory  
  24  2:31  SCV  
  24  2:35  Barracks Reactor  
  25  2:43  SCV  
  26  2:55  Orbital Command, SCV  
  27  3:07  SCV  
  28  3:16  Cyclone x2  
  28  3:19  SCV  
  35  3:20  SCV  
  36  3:30  Command Center  
  36  3:32  SCV  
  36  3:33  SCV  
  38  3:39  Supply Depot  
  38  3:44  SCV  
  38  3:49  Cyclone  
  38  3:50  Refinery  
  38  3:51  Refinery, SCV  
  42  3:56  Cyclone  
  42  3:59  SCV  
  46  4:03  SCV  
  46  4:05  Barracks Tech Lab  
  47  4:11  SCV  
  47  4:14  Starport  
  47  4:15  SCV  
  49  4:19  Supply Depot  
  49  4:24  SCV  
  50  4:28  SCV  
  51  4:35  Siege Tank  
  54  4:40  SCV x2  
  54  4:42  Orbital Command  
  56  4:50  Factory  
  58  4:52  SCV x2  
  58  4:53  Barracks Reactor  
  58  4:55  Medivac  
  58  4:57  Medivac  
  62  5:04  SCV x2  
  64  5:08  SCV  
  64  5:09  Siege Tank  
  64  5:10  Orbital Command  
  68  5:14  Supply Depot  
  68  5:17  SCV x2  
  70  5:25  Supply Depot  
  70  5:29  SCV  
  70  5:30  Viking x2  
  70  5:35  SCV  
  76  5:40  Hellion  
  76  5:41  Siege Tank, SCV, Hellion  
  84  5:49  Supply Depot  
  84  5:51  Barracks Tech Lab  
  84  5:52  SCV  
  84  5:53  SCV, Factory  
  86  6:05  SCV  
  84  6:14  Siege Tank, Hellion x2  
  84  6:15  Viking  
  85  6:28  Viking  
  85  6:31  SCV x2  
  86  6:33  Orbital Command  
  86  6:35  Hellion  
  86  6:37  Engineering Bay  
  86  6:43  SCV x2  
  86  6:46  Refinery, Siege Tank x2  
  96  6:47  Hellion  
  96  6:50  Refinery, Supply Depot  
  96  6:55  Armory, SCV x2  
  96  6:57  Armory  
  96  6:58  SCV  
  99  7:03  Hellion  
  101  7:12  Missile Turret, SCV x3  
  101  7:13  Supply Depot x2  
  104  7:16  Missile Turret  
  104  7:17  Hellion  
  104  7:19  Hellion  
  106  7:24  SCV  
  106  7:27  Infernal Pre-Igniter  
  106  7:28  Viking  
  109  7:30  SCV  
  110  7:39  Siege Tank  
  110  7:42  Barracks Reactor  
  110  7:43  Factory  
  110  7:44  Siege Tank, Factory  
  116  7:47  Hellion  
  118  7:53  Missile Turret x2  
  118  7:55  Missile Turret  
  118  7:57  Sensor Tower  
  118  7:58  Liberator  
  118  7:59  Hellion  
  115  8:08  Hellion  
  115  8:11  Siege Tank  
  105  8:16  Hellion  
  104  8:20  Hellion  
  104  8:26  SCV x2  
  104  8:27  SCV, Command Center  
  109  8:28  Factory Tech Lab  
  109  8:34  Terran Vehicle Weapons Level 1  
  109  8:35  Terran Vehicle And Ship Armor Level 1  
  109  8:36  Liberator  
  109  8:37  Siege Tank, Hellion  
  109  8:38  Hellion  
  118  8:41  Liberator, Hellion  
  118  8:44  Hellion  
  115  8:57  Siege Tank, Hellion  
  115  9:02  Hellion  
  125  9:07  Hellion x2  
  125  9:09  Siege Tank  
  132  9:10  Supply Depot  
  132  9:18  Supply Depot  
  132  9:19  Supply Depot  
  132  9:24  Supply Depot  
  132  9:25  Missile Turret  
  132  9:27  Missile Turret  
  132  9:28  Siege Tank  
  132  9:29  Siege Tank  
  135  9:36  Viking  
  124  9:40  Hellion  
  124  9:41  Siege Tank, Viking  
  124  9:45  Smart Servos  
  131  9:47  Hellion x2  
  131  9:49  Hellion  
  127  10:00  Hellion  
  127  10:01  Hellion  
  127  10:06  Viking, Command Center  
  131  10:11  Viking  
  131  10:14  Hellion  
  135  10:16  Hellion  
  137  10:22  Siege Tank, Hellion  
  137  10:28  Hellion  
  139  10:34  Siege Tank, Hellion  
  134  10:44  Viking  
  134  10:48  Viking  
  138  10:52  Hellion  
  138  10:54  Hellion  
  142  11:00  Sensor Tower  
  148  11:13  Hellion  
Tags
 
Add a new tag
Caveats
  • Supply blocks, unpowered buildings, or Contaminate may cause inaccurate times.
  • Supply counts are checked every 10 seconds.